 Dungeon Crawl Stone Soup version 0.18-a0-1797-gc18daef (webtiles) character file.

97 macross the Conjurer (level 4, -4/35 HPs)
             Began as a Demigod Conjurer on Apr 23, 2016.
             Slain by Crazy Yiuf
             ... wielding a +3 quarterstaff of chaos
              (7 damage)
             ... on level 2 of the Dungeon.
             The game lasted 00:10:28 (1298 turns).

macross the Conjurer (Demigod Conjurer)             Turns: 1298, Time: 00:10:29

Health: -4/35      AC:  3    Str: 15    XL:     4   Next: 19%
Magic:  3/10       EV: 12    Int: 21    God:
Gold:   65         SH:  0    Dex: 16    Spells: 1 memorised, 6 levels left

rFire  + . .     SeeInvis .     i - +2 dagger (venom)
rCold  + . .     Gourm    .     m - +1 robe {rC+ rF+}
rNeg   . . .     Faith    .     (no shield)
rPois  .         Spirit   .     (no helmet)
rElec  .         Dismiss  .     (no cloak)
rCorr  .         Reflect  .     (no gloves)
SustAt +         Harm     .     (no boots)
MR     .....                    (no amulet)
Stlth  ++........               (no ring)
                                l - +4 ring of strength

@: not resistant to hostile enchantments, unstealthy
A: high mp 1, sustain attributes
a: no special abilities


You were on level 2 of the Dungeon.
You were near starving.

You visited 1 branch of the dungeon, and saw 2 of its levels.

You collected 65 gold pieces.

Inventory:

Hand Weapons
 i - a +2 dagger of venom (weapon)
Armour
 a - a +0 robe
 m - a +1 robe of resistance (worn)
Jewellery
 l - a +4 ring of strength (left hand)
Scrolls
 f - 2 scrolls of identify {unknown}
 g - 2 scrolls of enchant weapon {unknown}
 n - a scroll of remove curse {unknown}
 p - a scroll of enchant armour {unknown}
Potions
 d - a potion of heal wounds {unknown}
 e - a potion of mutation {unknown}
 h - 2 potions of flight {unknown}
 j - 2 potions of agility
 k - a potion of curing {unknown}
Books
 b - a book of Conjurations

   Spells                             Type                      Level
   a - Magic Dart                     Conjuration                  1
   b - Searing Ray                    Conjuration                  2
   c - Dazzling Spray                 Conjuration/Hexes            3
   d - Fulminant Prism                Conjuration/Hexes            4
   e - Iskenderun's Mystic Blast      Conjuration                  4
   f - Iskenderun's Battlesphere      Conjuration/Charms           5
Comestibles
 c - a bread ration
 o - 2 meat rations


   Skills:
 + Level 1.2 Fighting
 * Level 0.1 Short Blades
 - Level 1.8 Dodging
 - Level 1.8 Stealth
 + Level 2.4 Spellcasting
 + Level 4.6 Conjurations


You had 6 spell levels left.
You knew the following spells:

 Your Spells              Type           Power        Failure   Level  Hunger
a - Magic Dart            Conj           ###.         1%          1    None


Dungeon Overview and Level Annotations

Branches:
Dungeon (2/15)

Annotations:
D:2 Crazy Yiuf


Innate Abilities, Weirdness & Mutations

You have an increased reservoir of magic (+10% MP).
Your attributes are resistant to harm.


Message History

You hit Crazy Yiuf but do no damage.
Crazy Yiuf is poisoned.
Crazy Yiuf is moderately wounded.
Crazy Yiuf hits you but does no damage.
Crazy Yiuf zaps a wand.
The puff of flame hits you! You resist.
* * * LOW HITPOINT WARNING * * *
It is a wand of flame.
Crazy Yiuf zaps a wand.
The puff of flame hits you! You resist.
* * * LOW HITPOINT WARNING * * *
You open the door.
Crazy Yiuf zaps a wand.
The puff of flame hits you! You resist.
* * * LOW HITPOINT WARNING * * *
There is an open door here.
Crazy Yiuf laughs, "Rot toodlewoodle pizzabubble!"
You close the door.
Something unseen opens the door.
You see here 22 stones.
You hit Crazy Yiuf.
Crazy Yiuf is poisoned.
Crazy Yiuf is almost dead.
Crazy Yiuf hits you with a quarterstaff of chaos!
You die...

#......##....#
#.#.#
#......#######
#.#.#
#..........########
#...#
#..........'......#
##..#
#..........#..###.#
#).#
#........g.#..#<#.#
##.##
#.###....####.#.#.#
#..# ## ##..##
#g#.#.# #..# ♣....♣
#@#.#.# ##.##
♣...♣♣ #.#.#.# #.>#
♣♣.♣♣
#.#.#.#######.####
♣.♣♣
#÷#.#.##..........
♣♣.♣
#...#.##.####.####
♣.♣ #.###.##.# #.#
♣♣g♣ #.# #..†.# #.#
.# ### ###### #.#
.. #.#


You could see Crazy Yiuf.

Vanquished Creatures
  Robin (D:2)
  2 adders (D:2)
  An ooze (D:1)
  A worm (D:2)
  3 dart slugs
  2 giant geckos
  A giant cockroach (D:2)
  8 goblins
  12 hobgoblins
  8 bats
  6 giant newts
  5 kobolds
  3 rats
53 creatures vanquished.

Notes
Turn   | Place    | Note
--------------------------------------------------------------
     0 | D:1      | macross the Demigod Conjurer began the quest for the Orb.
     0 | D:1      | Reached XP level 1. HP: 14/14 MP: 5/5
   345 | D:1      | Reached skill level 4 in Conjurations
   345 | D:1      | Reached XP level 2. HP: 20/20 MP: 2/7
   942 | D:2      | Reached XP level 3. HP: 26/26 MP: 4/8
  1187 | D:2      | Reached skill level 1 in Fighting
  1206 | D:2      | Noticed Robin
  1231 | D:2      | Killed Robin
  1231 | D:2      | Reached XP level 4. HP: 27/35 MP: 0/10
  1272 | D:2      | Noticed Crazy Yiuf
  1298 | D:2      | Slain by Crazy Yiuf

Vault maps used:
D:1:      scummos_arrival_forest
D:2:      uniq_robin, uniq_crazy_yiuf_cottage

Skill      XL: |  1  2  3 |
---------------+----------+-----
Conjurations   | 4 |  4.6
Spellcasting   | 2 |  2.4
Fighting       | 1 |  1.2
Short Blades   | |  0.1
Dodging        | |  1.8
Stealth        | |  1.8

Action                   |  1- 3 |  4- 6 || total
-------------------------+-------+-------++-------
Melee: Unarmed           |     2 |       ||     2
       Dagger            |    32 |    14 ||    46
 Cast: Magic Dart        |    80 |     5 ||    85
 Stab: Sleeping          |     1 |       ||     1
Armor: Robe              |     8 |     2 ||    10
Dodge: Dodged            |    25 |     2 ||    27
